 Dungeon Crawl Stone Soup version 0.22-a0-224-g8cf3520 (webtiles) character file.

14 RoseArtemis the Skirmisher (level 2, -1/27 HPs)
             Began as a Minotaur Fighter on Feb 20, 2018.
             Killed from afar by Natasha (4 damage)
             ... with a magic dart
             ... on level 1 of the Dungeon.
             The game lasted 00:02:18 (923 turns).

RoseArtemis the Skirmisher (Minotaur Fighter)        Turns: 923, Time: 00:02:19

Health: -1/27      AC:  7    Str: 20    XL:     2   Next: 27%
Magic:  1/1        EV:  7    Int:  5    God:
Gold:   53         SH:  9    Dex:  9    Spells: 1/1 levels left

rFire    . . .     SeeInvis .   a - +0 flail
rCold    . . .     Gourm    .   c - +0 shield
rNeg     . . .     Faith    .   b - +0 scale mail
rPois    .         Spirit   .   (helmet restricted)
rElec    .         Reflect  .   (no cloak)
rCorr    .         Harm     .   (no gloves)
MR       .....                  (no boots)
Stlth    ..........             (no amulet)
HPRegen  0.09/turn              (no ring)
MPRegen  0.07/turn              (no ring)

@: slowed, very slow
A: retaliatory headbutt, horns 2
a: no special abilities


You were on level 1 of the Dungeon.
You were not hungry.

You visited 1 branch of the dungeon, and saw 2 of its levels.

You collected 53 gold pieces.

Inventory:

Hand Weapons
 a - a +0 flail (weapon)
Armour
 b - a +0 scale mail (worn)
 c - a +0 shield (worn)
Scrolls
 e - 2 scrolls of enchant weapon {unknown}
 g - 2 scrolls of remove curse {unknown}
 i - 2 scrolls of fog
 k - a scroll of amnesia {unknown}
Potions
 d - a potion of might
 h - 2 potions of berserk rage {unknown}
 j - a potion of lignification {unknown}
Comestibles
 f - 2 rations
 l - a chunk of flesh


   Skills:
 * Level 4.0 Fighting
 + Level 2.7 Maces & Flails
 + Level 3.8 Armour
 + Level 3.8 Shields


You had one spell level left.
You didn't know any spells.

Dungeon Overview and Level Annotations

Branches:
Dungeon (2/15)

Altars:

Annotations:
D:1 Natasha


Innate Abilities, Weirdness & Mutations

You reflexively headbutt those who attack you in melee.
You have a pair of horns on your head.


Message History

The quokka bites you but does no damage.
The white imp closely misses you.
You climb upwards.
The white imp disappears in a puff of smoke!
The shadow imp disappears in a puff of smoke!
There is a stone staircase leading down here.
You hit the quokka but do no damage.
The quokka bites you but does no damage.
You block Natasha's attack. The quokka barely misses you.
Natasha claws you but does no damage.
You barely miss the quokka.
You kill the quokka!
Natasha closely misses you. Natasha claws you.
* * * LOW HITPOINT WARNING * * *
As you read the scroll labeled TIPUVE WIOHEOLAWN, it crumbles to dust.
The scroll dissolves into smoke.
It was a scroll of fog.
Natasha barely misses you. Natasha casts a spell at you.
The magic dart hits you!
You die...

#.......#
###########.......#
..........'.......#
##.....(.##.......#
#.......##.......#
##.########.).....#
............#######
##..........######
..............§§@#
#............###h#
#.............##§#
#...........#.##.#
#+######.........#
.................#
.................###
...................#
........####'##..#.#


You could see Natasha.

Vanquished Creatures
  2 goblins (D:1)
  A quokka (D:1)
  A ball python (D:1)
  4 bats (D:1)
  A frilled lizard (D:1)
  2 kobolds (D:1)
  5 rats
16 creatures vanquished.

Notes
Turn   | Place    | Note
-------+----------+-------------------------------------------
     0 | D:1      | RoseArtemis the Minotaur Fighter began the quest for the Orb.
     0 | D:1      | Reached XP level 1. HP: 19/19 MP: 0/0
   385 | D:1      | Reached XP level 2. HP: 27/27 MP: 1/1
   582 | D:1      | Reached skill level 4 in Fighting
   887 | D:2      | Noticed Natasha
   923 | D:1      | Killed from afar by Natasha

Vault maps used:
D:1:      ncdulo_wetmaze, minmay_ruptured
D:2:      first_ration, minivault_24, uniq_natasha

Skill      XL: |  1  2 |
---------------+-------+-----
Fighting       | 4 |  4.0
Maces & Flails | |  2.7
Armour         | |  3.8
Shields        | |  3.8

Action                   || total
-------------------------++-------
Melee: Flail             ||    51
       Headbutt          ||     6
  Use: Scroll            ||     1
Armor: Scale mail        ||    35
Dodge: Dodged            ||    19
Block: Shield            ||    29

Table legend:
 A = Spawn XP
 B = Non-spawn XP
 C = Spawn XP percentage of total XP
 D = Spawn monster count
 E = Non-spawn monster count
 F = Spawn count percentage of total count
 G = Total turns spent on level
                    A         B        C        D         E        F      G
               +---------+---------+-------+---------+---------+-------+---------
         Total |       0 |      20 |   0.0 |       0 |      16 |   0.0 |   923
               +---------+---------+-------+---------+---------+-------+---------
           D:1 |       0 |      19 |   0.0 |       0 |      15 |   0.0 |   845
           D:2 |       0 |       1 |   0.0 |       0 |       1 |   0.0 |    78
               +---------+---------+-------+---------+---------+-------+---------
